 Dungeon Crawl Stone Soup version 0.27.1-34-g3ba077fa99 (webtiles) character file.

Game seed: 282744969176388386

235 Delamore the Covert (level 6, 0/39 HPs)
             Began as an Octopode Brigand on Feb 7, 2022.
             Slain by an orc wizard (1 damage)
             ... on level 3 of the Dungeon.
             The game lasted 00:01:50 (2223 turns).

Delamore the Covert (Octopode Brigand)              Turns: 2223, Time: 00:01:51

Health: 0/39       AC:  1    Str: 10    XL:     6   Next: 5%
Magic:  6/6        EV: 12    Int: 14    God:
Gold:   105        SH:  4    Dex: 15    Spells: 5/5 levels left

rFire    . . .     SeeInvis .   l - +1 dagger (pain)
rCold    . . .     Faith    .   f - +0 buckler
rNeg     . . .     Spirit   .   (helmet restricted)
rPois    .         Reflect  .   (no amulet)
rElec    .         Harm     .   (no ring)
rCorr    .         Rampage  .   (no ring)
Will     .....                  (no ring)
Stlth    +++++.....             (no ring)
HPRegen  0.13/turn              (no ring)
MPRegen  0.10/turn              (no ring)
                                (no ring)
                                (no ring)

@: hasted, very quick
A: almost no armour, amphibious, 8 rings, camouflage 1, gelatinous body 1,
(nimble swimmer 1), tentacles
a: no special abilities


You were on level 3 of the Dungeon.
You visited 1 branch of the dungeon, and saw 3 of its levels.

You collected 105 gold pieces.

Inventory:

Hand Weapons
 a - a +2 dagger
 l - a +1 dagger of pain (weapon)
 m - a +0 dagger of holy wrath
Missiles
 b - 8 poisoned darts (quivered)
 c - 2 curare-tipped darts
Armour
 f - a +0 buckler (worn)
Scrolls
 d - a scroll of identify
 h - a scroll of enchant weapon
 j - a scroll of torment
Potions
 e - a potion of curing {unknown}
 g - 2 potions of lignification
 k - a potion of brilliance {unknown}


   Skills:
 - Level 2.0 Fighting
 + Level 3.4 Short Blades
 - Level 2.0 Throwing
 - Level 1.0 Dodging
 * Level 8.0 Stealth
 + Level 2.4 Shields


You had 5 spell levels left.
You didn't know any spells.
Your spell library contained the following spells:

 Spells                   Type           Power      Damage    Failure   Level
 Freeze                   Ice            0%         1d3       34%         1
 Frozen Ramparts          Ice            0%         1d2       71%         3
 Hailstorm                Conj/Ice       0%         3d3       98%         4
 Malign Gateway           Summ/Tloc      0%         N/A       100%        7
 Summon Horrible Things   Summ           0%         N/A       100%        8


Dungeon Overview and Level Annotations

Branches:
Dungeon (3/15)

Altars:
Cheibriados

Shops:
D:2 *


Innate Abilities, Weirdness & Mutations

You cannot wear most types of armour.
You are amphibious.
You can wear up to eight rings at the same time.
Your skin changes colour to match your surroundings (Stealth+).
Your rubbery body absorbs attacks. (AC +1, EV +1)
((You are camouflaged near water. (Stealth+)))
You have tentacles for arms and can constrict up to eight enemies at once.


Message History

You hit the goblin.
You kill the goblin!
The orc misses you.
You closely miss the orc. Your grab misses the orc. You squeeze the orc.
The orc is severely wounded.
You block the kobold's attack. Something hits you. You block the orc's attack.
You barely miss the orc. Your grab misses the orc.
The orc is severely wounded.
The kobold barely misses you.
You hear some strange, mumbled words.
A magic dart appears from out of thin air!
The magic dart hits you! You block the orc's attack.
The kobold throws a stone.
The stone closely misses you. The orc misses you.
There is a stone staircase leading down here.
The quokka misses you. Something hits you. You block the orc's attack.
The quokka bites you.
You climb downwards.
Reactivating autopickup.
Found a glowing bronze ring.
There is a stone staircase leading up here.
You hit the orc but do no damage. Your grab misses the orc.
The orc is severely wounded.
The quokka barely misses you.
You barely miss the quokka. You grab the quokka. You constrict the quokka.
You hit the quokka.
You kill the quokka!
Something hits you.
Deactivating autopickup; reactivate with Ctrl-A.
You barely miss something. Something hits you.
* * * LOW HITPOINT WARNING * * *
You barely miss something. You hit something.
You hear some strange, mumbled words.
A magic dart appears from out of thin air!
The magic dart hits you.
* * * LOW HITPOINT WARNING * * *
You hit something but do no damage. You squeeze something. Something hits you.
* * * LOW HITPOINT WARNING * * *
It was a potion of haste.
You feel yourself speed up. Something hits you.
You die...

#... ... ..
.
########....
#.o{@...=...
##.######...
#


You could see an orc.

Vanquished Creatures
  Sigmund (D:2)
  3 adders
  2 worms (D:2)
  3 dart slugs
  2 orcs (D:2)
  2 ball pythons
  2 bats
  3 endoplasms
  A giant cockroach (D:2)
  A hobgoblin (D:1)
  4 jackals
  3 quokkas
  2 frilled lizards
  2 goblins
  6 kobolds
  4 rats (D:1)
41 creatures vanquished.

Notes
Turn   | Place    | Note
-------+----------+-------------------------------------------
     0 | D:1      | Delamore the Octopode Brigand began the quest for the Orb.
     0 | D:1      | Reached XP level 1. HP: 14/14 MP: 1/1
   283 | D:1      | Found a faded altar of an unknown god.
   445 | D:1      | Reached XP level 2. HP: 19/19 MP: 2/2
  1057 | D:1      | Reached skill level 6 in Stealth
  1452 | D:1      | Reached XP level 3. HP: 24/24 MP: 3/3
  1560 | D:2      | Reached skill level 1 in Shields
  1736 | D:2      | Found a snail-covered altar of Cheibriados.
  1765 | D:2      | You fall into a shaft and drop 1 floor!
  1870 | D:2      | Found Mucveota's General Store.
  1888 | D:2      | Reached XP level 4. HP: 29/29 MP: 4/4
  1930 | D:2      | Noticed Sigmund
  1944 | D:2      | Killed Sigmund
  1945 | D:2      | Reached skill level 8 in Stealth
  1945 | D:2      | Reached XP level 5. HP: 14/34 MP: 5/5
  1945 | D:2      | Reached XP level 6. HP: 16/39 MP: 6/6
  2222 | D:3      | HP: 1/39 [something (5)]
  2223 | D:3      | Slain by an orc wizard

Illustrated notes

Levels and vault maps discovered:
D:1:      elethiomel_arrival_diamonds, layout_basic, basic_ecumenical_altar
D:2:      layout_basic, basic_altar, serial_shops, shop,
          uniq_crazy_yiuf_cottage, uniq_sigmund
D:3:      layout_basic, nicolae_hepliaklqana_ecumenical_no_more,
          mainiacjoe_overflow_concentric_impassable

Skill      XL: |  1  2  3  4 |
---------------+-------------+-----
Stealth        | 6 8 |  8.0
Shields        | 1 2 |  2.4
Short Blades   | 3 |  3.4
Fighting       | |  2.0
Throwing       | |  2.0
Dodging        | |  1.0

Action                   |  1- 3 |  4- 6 || total
-------------------------+-------+-------++-------
Melee: Dagger            |    54 |    31 ||    85
       Constrict         |    12 |     4 ||    16
       Tentacles         |     6 |     5 ||    11
  Use: Scroll            |       |     3 ||     3
       Potion            |       |     1 ||     1
 Stab: Sleeping          |    12 |     3 ||    15
Armor: Skin              |       |     1 ||     1
Dodge: Dodged            |    28 |    12 ||    40
Block: Buckler           |     7 |     6 ||    13
